 Dungeon Crawl Stone Soup version 0.30-b1-2-g02819fbbbe (webtiles) character file.

Game seed: 6856514068203534926

278 Alarkh the Digger (level 6, 42/42 HPs)
             Began as a Demonspawn Earth Elementalist on May 29, 2023.
             Got out of the dungeon alive.
             The game lasted 00:03:59 (3294 turns).

Alarkh the Digger (Demonspawn Earth Elementalist)   Turns: 3294, Time: 00:03:59

Health: 42/42      AC:  8    Str:  8    XL:     6   Next: 5%
Magic:  10/10      EV: 11    Int: 18    God:
Gold:   245        SH:  4    Dex: 17    Spells: 7/11 levels left

rFire   . . .        a - staff of earth
rCold   . . .        r - +0 buckler
rNeg    . . .        s - +1 leather armour of the Loofah {Dex+3 SInv Stlth+}
rPois   .            i - +2 hat
rElec   .            v - +0 cloak
rCorr   .            (no gloves)
SInv    +            u - +0 pair of boots
Will    .....        (no amulet)
Stlth   +++          (no ring)
HPRegen 0.27/turn    (no ring)
MPRegen 0.12/turn

%: no passive effects
@: no status effects
A: hooves 2, ignite blood 1, powered by pain 1
a: no special abilities


You escaped.
You visited 1 branch of the dungeon, and saw 4 of its levels.

You collected 245 gold pieces.

Inventory:

Hand Weapons
 f - a +0 dagger
Armour
 i - a +2 hat (worn)
 r - a +0 buckler (worn)
 s - the +1 leather armour of the Loofah (worn) {Dex+3 SInv Stlth+}
   (You found it on level 2 of the Dungeon)

   Dex:       It affects your dexterity (+3).
   SInv:      It lets you see invisible.
   Stlth:     It makes you more stealthy.
 u - a +0 pair of boots (worn)
 v - a +0 cloak (worn)
Magical Staves
 a - a staff of earth (weapon)
Scrolls
 d - a scroll of magic mapping {unknown}
 g - a scroll of poison {unknown}
 h - 2 scrolls of blinking {unknown}
 j - 4 scrolls of identify {unknown}
 k - a scroll of brand weapon {unknown}
 n - 4 scrolls of amnesia {unknown}
 o - a scroll of torment {unknown}
 p - a scroll of vulnerability {unknown}
 t - a scroll of fear {unknown}
Potions
 b - a potion of magic
 c - 2 potions of lignification {unknown}
 e - 2 potions of curing {unknown}
 l - 3 potions of might {unknown}
 m - 2 potions of mutation {unknown}
 q - 2 potions of flight {unknown}


   Skills:
 + Level 0.8 Fighting
 * Level 1.8 Staves
 - Level 1.7 Dodging
 - Level 1.7 Stealth
 + Level 3.2 Spellcasting
 - Level 0.8 Transmutations
 * Level 4.7 Earth Magic
 + Level 1.6 Evocations


You had 7 spell levels left.
You knew the following spells:

 Your Spells              Type           Power      Damage    Failure   Level
a - Sandblast             Erth           58%        2d13      5%          1
b - Stone Arrow           Conj/Erth      34%        3d9       41%         3

Your spell library contained the following spells:

 Spells                   Type           Power      Damage    Failure   Level
 Passwall                 Tmut/Erth      15%        N/A       19%         2
 Foxfire                  Conj/Fire      8%         2x1d4     36%         1
 Ensorcelled Hibernation  Hex/Ice        4%         N/A       50%         2
 Spider Form              Tmut/Pois      4%         N/A       67%         3
 Inner Flame              Hex/Fire       2%         N/A       75%         3
 Petrify                  Tmut/Erth      19%        N/A       75%         4
 Anguish                  Hex/Necr       1%         N/A       98%         4
 Flame Wave               Conj/Fire      2%         2d4       98%         4
 Sticky Flame             Conj/Fire      2%         2d3       98%         4
 Plasma Beam              Fire/Air       1%         2x1d12    100%        6
 Statue Form              Tmut/Erth      12%        N/A       100%        6
 Dragon Form              Tmut           3%         N/A       100%        7


Dungeon Overview and Level Annotations

Branches:
Dungeon (4/15)
 Temple: D:4-7

Altars:
Fedhas

Annotations:
D:3 exclusion: oklob plant
D:4 3 runed translucent doors, NitroKuite's ghost, amateur OpTm


Innate Abilities, Weirdness & Mutations

You have hoof-like feet.
Your demonic aura sometimes causes spilled blood to erupt in flames.
You sometimes gain a little power by taking damage.


Message History

Aiming: Sandblast (safe; 5% risk of failure)
Press: ? - help, Shift-Dir - straight line, f/p - adder
Aim: an adder (severely wounded, 72% to hit)
You feel a surge of power!
The blast of sand hits the adder!!
You kill the adder!
Casting: Sandblast (safe; 5% risk of failure)
Confirm with . or Enter, or press ? or * to list all spells.
You can't see any susceptible monsters within range! (Use Z to cast anyway.)
Casting: Sandblast (safe; 5% risk of failure)
Confirm with . or Enter, or press ? or * to list all spells.
Aiming: Sandblast (safe; 5% risk of failure)
Press: ? - help, Shift-Dir - straight line, f - hobgoblin
Aim: a hobgoblin (asleep, 100% to hit)
You feel a surge of power!
The blast of sand hits the hobgoblin!
You kill the hobgoblin!
Casting: Sandblast (safe; 5% risk of failure)
Confirm with . or Enter, or press ? or * to list all spells.
You can't see any susceptible monsters within range! (Use Z to cast anyway.)
(D) Dungeon
Where to? (Enter - D:4, ? - help)
What level of the Dungeon? (default 1, ? - help)
Your magical contamination has completely faded away.
You now have 245 gold pieces (gained 14).
There is an open door here.
There is an open door here.
There is an open door here.
There is a stone staircase leading up here.
You climb upwards.
Level annotation: exclusion: oklob plant
There is a stone staircase leading down here.
There is a stone staircase leading up here.
You climb upwards.
There is a stone staircase leading down here.
There is an open door here.
There is a stone staircase leading up here.
You climb upwards.
There is a stone staircase leading down here.
There is a staircase leading out of the dungeon here.
Are you sure you want to leave the Dungeon?
This will make you lose the game!
You have escaped!

#........:........###............
#.........###....................
#..........####.#................
#.....###########################
#.....#≈≈≈≈≈≈~≈≈..............#..
#.....#≈≈≈≈~~......~.............
#######≈~~......~.~≈~.....###..#.
#≈~......~~.≈.~~....##.....
#~......~~@~~~..~....#.....
#≈.....~~~~≈≈~~≈...........
#~.....~~.~≈≈≈..~....##....
#~~......~~~≈..~~.....#....
#≈~~........~~~~...#..#....
#≈≈~~~~(..........##....##.
#≈≈~≈≈≈~~..##............##
#################.......#..
#.)...†.........


There were no monsters in sight!

Vanquished Creatures
  2 scorpions (D:4)
  An orc wizard (D:3)
  6 adders
  A worm (D:2)
  2 dart slugs
  3 orcs (D:3)
  9 endoplasms
  4 giant cockroaches
  6 hobgoblins
  7 jackals
  5 quokkas
  9 ball pythons
  A bat (D:3)
  5 frilled lizards
  6 goblins
  4 kobolds
  8 rats
79 creatures vanquished.

Notes
Turn   | Place    | Note
-------+----------+-------------------------------------------
     0 | D:1      | Alarkh the Demonspawn Earth Elementalist began the quest
                  | for the Orb.
     0 | D:1      | Reached XP level 1. HP: 13/13 MP: 3/3
   159 | D:1      | Reached skill level 3 in Earth Magic
   203 | D:1      | Gained mutation: Your demonic aura sometimes causes spilled
                  | blood to erupt in flames. [demonic ancestry]
   203 | D:1      | Reached XP level 2. HP: 17/19 MP: 0/5
   273 | D:1      | Found a faded altar of an unknown god.
   586 | D:1      | Got Orhiucs's Papyrus of the Remoulded Salamander
   711 | D:2      | Reached XP level 3. HP: 24/24 MP: 3/6
  1477 | D:2      | Learned a level 3 spell: Stone Arrow
  1629 | D:2      | Identified the +1 leather armour of the Loofah {Dex+3 SInv
                  | Stlth+}
  1722 | D:2      | Gained mutation: You have large cloven feet. [demonic
                  | ancestry]
  1722 | D:2      | Reached XP level 4. HP: 30/30 MP: 6/8
  1803 | D:3      | Found a blossoming altar of Fedhas.
  1825 | D:3      | Noticed an oklob plant
  1936 | D:3      | Reached skill level 4 in Earth Magic
  2751 | D:4      | Reached skill level 1 in Staves
  2751 | D:4      | Reached skill level 1 in Evocations
  2751 | D:4      | Gained mutation: You have hoof-like feet. [demonic
                  | ancestry]
  2751 | D:4      | Reached XP level 5. HP: 35/35 MP: 6/9
  2901 | D:4      | Found a runed translucent gate.
  2902 | D:4      | Found a runed translucent gate.
  2903 | D:4      | Found a runed translucent gate.
  2904 | D:4      | Noticed NitroKuite's ghost (amateur OpTm)
  3126 | D:4      | Gained mutation: You sometimes gain a little power by
                  | taking damage. [demonic ancestry]
  3126 | D:4      | Reached XP level 6. HP: 39/42 MP: 3/10
  3294 | D:$      | Got out of the dungeon alive.

Illustrated notes

Levels and vault maps discovered:
D:1:      dpeg_arrival_more_subterranean_lakeside_camping, layout_rooms,
          basic_ecumenical_altar
D:2:      layout_loops_corners, moated_statue,
          wander_ebering_terrifying_dragon_lair
D:3:      layout_loops_ring, tgw_fedhas, minmay_fractal_squares_diagonal_5
D:4:      layout_basic, gammafunk_ghost_necromancy

Skill      XL: |  1  2  3  4 |
---------------+-------------+-----
Earth Magic    | 3 4 |  4.7
Spellcasting   | 3 |  3.2
Staves         | 1 |  1.8
Evocations     | 1 |  1.6
Fighting       | |  0.8
Dodging        | |  1.7
Stealth        | |  1.7
Transmutations | |  0.8

Action                     |  1- 3 |  4- 6 || total
---------------------------+-------+-------++-------
  Melee: Unarmed           |    12 |       ||    12
         Dagger            |    18 |       ||    18
         Staff             |       |     3 ||     3
   Cast: Sandblast         |    53 |    52 ||   105
   Stab: Sleeping          |     2 |       ||     2
 Armour: Robe              |    12 |       ||    12
         Leather armour    |       |     2 ||     2
  Dodge: Dodged            |    30 |    17 ||    47
  Block: Buckler           |       |     3 ||     3
